 Dungeon Crawl Stone Soup version 0.30.1-3-gfc49f6343a (webtiles) character file.

Game seed: 18408076695952088344

50 Heoruswealwe the Conjurer (level 3, -3/19 HPs)
             Began as a Deep Elf Conjurer on Aug 6, 2023.
             Slain by a polar bear (22 damage)
             ... created by the rage of Trog
             ... on level 2 of the Dungeon.
             The game lasted 00:11:45 (1568 turns).

Heoruswealwe the Conjurer (Deep Elf Conjurer)       Turns: 1568, Time: 00:11:46

Health: -3/19      AC:  3    Str:  4    XL:     3   Next: 55%
Magic:  10/10      EV: 12    Int: 24    God:
Gold:   77         SH:  0    Dex: 13    Spells: 4/10 levels left

rFire   . . .        (no weapon)
rCold   . . .        (no shield)
rNeg    . . .        c - +0 robe
rPois   .            g - +1 hat
rElec   .            (no cloak)
rCorr   .            (no gloves)
SInv    .            (no boots)
Will    +....        (no amulet)
Stlth   ++           k - ring of willpower
HPRegen 0.23/turn    (no ring)
MPRegen 0.12/turn

%: no passive effects
@: no status effects
A: no striking features
a: no special abilities


You were on level 2 of the Dungeon.
You visited 1 branch of the dungeon, and saw 2 of its levels.

You collected 77 gold pieces.

Inventory:

Armour
 c - a +0 robe (worn)
 g - a +1 hat (worn)
 m - a +0 robe
Jewellery
 k - a ring of willpower (left hand)
Scrolls
 a - 2 scrolls of immolation {unknown}
 f - a scroll of silence {unknown}
 j - a scroll of enchant armour {unknown}
 l - a scroll of identify {unknown}
 n - a scroll of noise {unknown}
 o - a scroll of brand weapon {unknown}
Potions
 b - a potion of magic
 d - 3 potions of curing {unknown}
 e - a potion of degeneration {unknown}
 h - a potion of haste {unknown}
 i - a potion of mutation {unknown}


   Skills:
 - Level 2.4 Dodging
 - Level 2.4 Stealth
 + Level 4.4 Spellcasting
 + Level 5.1 Conjurations


You had 4 spell levels left.
You knew the following spells:

 Your Spells              Type           Power      Damage    Failure   Level
a - Magic Dart            Conj           100%       1d8       1%          1
b - Searing Ray           Conj           60%        2d6       1%          2
c - Dazzling Flash        Conj/Hex       34%        N/A       10%         3

Your spell library contained the following spells:

 Spells                   Type           Power      Damage    Failure   Level
 Fulminant Prism          Conj/Hex       8%         3d6       32%         4
 Iskenderun's Mystic Bla  Conj/Tloc      17%        2d5       32%         4


Dungeon Overview and Level Annotations

Branches:
Dungeon (2/15)

Altars:
Trog

Shops:
D:1 (


Message History

A rat comes into view.
There is an open door here.
The magic dart hits the rat.
You kill the rat!
An orc comes into view.
It is wielding a +0 dagger and quivering poisoned darts.
The magic dart hits the orc.
The orc is almost dead.
The orc throws a poisoned dart.
The poisoned dart hits you!
You are poisoned.
The magic dart hits the orc.
You kill the orc!
You feel sick.
You feel sick.
You feel sick.
You feel sick.
You feel sick.
You feel sick.
You feel sick.
You feel sick.
You are no longer poisoned.
a - 2 scrolls labelled MUCZEA JUNOI (gained 1)
Items here: ( ) [ †.
Items here: ( ) [ †.
Okay, then.
Found a stone staircase leading up.
A quokka comes into view.
The magic dart hits the quokka.
The quokka is lightly wounded.
The magic dart hits the quokka.
The quokka is heavily wounded.
The magic dart hits the quokka.
You kill the quokka!
You see here a quokka corpse.
Found a scroll labelled DUNO ANAPRYKY.
o - a scroll labelled DUNO ANAPRYKY Trog sends monsters to punish you. 2 polar bears and a black bear come into view.
The polar bear bites you!!
Ouch! That really hurt!
You die...

#.#.############
.......@...h...#
#.#.....hh####.#
#.....###.# #.#
#.#... #.# #.# #
#.. #.# #.#
#.#.###.####.#
#............#
#.##.##.######
.. #.......#


You could see 2 polar bears and a black bear (berserk).

Vanquished Creatures
  A gnoll (D:1)
  A dart slug (D:2)
  An orc (D:2)
  3 bats
  4 endoplasms
  2 hobgoblins
  2 jackals (D:1)
  2 quokkas
  2 ball pythons
  2 frilled lizards (D:1)
  8 goblins
  2 kobolds (D:1)
  6 rats
36 creatures vanquished.

Notes
Turn   | Place    | Note
-------+----------+-------------------------------------------
     0 | D:1      | Heoruswealwe the Deep Elf Conjurer began the quest for the
                  | Orb.
     0 | D:1      | Reached XP level 1. HP: 10/10 MP: 6/6
   115 | D:1      | Reached XP level 2. HP: 15/15 MP: 0/8
   118 | D:1      | Learned a level 2 spell: Searing Ray
   437 | D:1      | Reached XP level 3. HP: 19/19 MP: 0/10
   441 | D:1      | Reached skill level 5 in Conjurations
   454 | D:1      | Learned a level 3 spell: Dazzling Flash
   613 | D:1      | Found Dingeb's Weapon Shop.
  1404 | D:2      | Found a faded altar of an unknown god.
  1444 | D:2      | Prayed at the altar of an unknown god.
  1444 | D:2      | Became a worshipper of Trog the Wrathful
  1444 | D:2      | Reached * piety under Trog
  1445 | D:2      | Fell from the grace of Trog
  1567 | D:2      | Noticed a polar bear
  1567 | D:2      | Noticed a polar bear
  1567 | D:2      | Noticed a black bear
  1568 | D:2      | Slain by a polar bear

Illustrated notes

Levels and vault maps discovered:
D:1:      dpeg_arrival_refuge, layout_loops_ring, serial_shops, shop
D:2:      layout_basic, hellmonk_ecumenical_altar_crossroads

Skill      XL: |  1  2  3 |
---------------+----------+-----
Spellcasting   | 4 |  4.4
Conjurations   | 5 |  5.1
Dodging        | |  2.4
Stealth        | |  2.4

Action                     || total
---------------------------++-------
  Melee: Unarmed           ||    10
   Cast: Magic Dart        ||    63
 Invoke: Renounce Religion ||     1
 Armour: Robe              ||     5
  Dodge: Dodged            ||     6
